 Dungeon Crawl Stone Soup version 0.25-a0-651-g8c222c7a2b (webtiles) character file.

Game seed: 12791698397713928703, levelgen mode: deterministic

276 ReteAZ the Slasher (level 6, -3/43 HPs)
             Began as an Octopode Fighter on Mar 22, 2020.
             Slain by an orc
             ... wielding a +0 morningstar
              (4 damage)
             ... on level 3 of the Dungeon.
             The game lasted 00:03:01 (2796 turns).

ReteAZ the Slasher (Octopode Fighter)               Turns: 2796, Time: 00:03:01

Health: -3/43      AC:  1    Str: 16    XL:     6   Next: 25%
Magic:  6/6        EV: 12    Int: 10    God:
Gold:   122        SH:  9    Dex: 13    Spells: 5/5 levels left

rFire    . . .     SeeInvis .   h - +1 short sword (venom)
rCold    . . .     Gourm    .   b - +0 kite shield
rNeg     . . .     Faith    .   (helmet restricted)
rPois    .         Spirit   .   (no amulet)
rElec    .         Reflect  .   (no ring)
rCorr    .         Harm     .   (no ring)
MR       .....                  (no ring)
Stlth    ++........             (no ring)
HPRegen  0.14/turn              (no ring)
MPRegen  0.10/turn              (no ring)
                                (no ring)
                                (no ring)

@: stab
A: almost no armour, stealthy swim, amphibious, 8 rings, constrict 8, camouflage
1, gelatinous body 1
a: no special abilities


You were on level 3 of the Dungeon.
You were not hungry.

You visited 1 branch of the dungeon, and saw 3 of its levels.

You collected 122 gold pieces.

Inventory:

Hand Weapons
 a - a +0 long sword
 h - a +1 short sword of venom (weapon)
Armour
 b - a +0 kite shield (worn)
Jewellery
 n - a +1 ring of protection {unknown}
 o - a +2 ring of strength {unknown}
Scrolls
 f - a scroll of immolation {unknown}
 g - a scroll of remove curse {unknown}
 k - 2 scrolls of amnesia {unknown}
 l - a scroll of identify {unknown}
 m - a scroll of enchant armour {unknown}
 t - a scroll of noise {unknown}
 u - 3 scrolls of teleportation {unknown}
Potions
 c - a potion of might
 e - 2 potions of stabbing
 i - a potion of berserk rage {unknown}
 j - a potion of haste {unknown}
 q - a potion of cancellation {unknown}
 r - a potion of curing {unknown}
 s - a potion of brilliance {unknown}
 v - a potion of heal wounds {unknown}
Comestibles
 d - 5 rations
 p - 9 chunks of flesh


   Skills:
 + Level 4.0 Fighting
 * Level 4.3 Long Blades
 + Level 4.0 Dodging
 + Level 4.0 Shields


You had 5 spell levels left.
You didn't know any spells.
Your spell library was empty.

Dungeon Overview and Level Annotations

Branches:
Dungeon (3/15)

Altars:


Innate Abilities, Weirdness & Mutations

You cannot wear most types of armour.
You are very stealthy in the water. (Stealth+)
You are amphibious.
You can wear up to eight rings at the same time.
You can use your tentacles to constrict eight enemies at once.
Your skin changes colour to match your surroundings (Stealth+).
Your rubbery body absorbs attacks. (AC +1, EV +1)


Message History

The orc is heavily wounded.
You block the orc's attack.
You closely miss the orc priest. You grab the orc priest.
You squeeze the orc priest!
The orc priest is heavily wounded.
You constrict the orc priest.
The orc priest invokes the aid of Beogh against you.
Beogh smites you!
* * * LOW HITPOINT WARNING * * *
You block the orc's attack.
You hit the orc priest. You squeeze the orc priest.
You kill the orc priest!
Your Dodging skill increases to level 4!
Your Shields skill increases to level 4!
The orc hits you with a +0 morningstar!
* * * LOW HITPOINT WARNING * * *
It was a potion of stabbing.
You feel ready to backstab. The orc hits you with a +0 morningstar.
You die...

..........(.............#.#
...................#
o................###
.................#
.................#
.................#
.................#
........oo.......##.
........@.........
...................##
....................# .
....................# . ...
................##... ####.# #
######(##.#.........
.....#.########..#....#########
....[..........................
..).############..#..........##


You could see 2 orcs.

Vanquished Creatures
  An orc priest (D:3)
  Natasha (thrice) (D:2)
  2 orc wizards (D:3)
  2 adders (D:2)
  3 oozes
  2 worms (D:2)
  4 dart slugs (D:1)
  8 orcs
  A ball python (D:2)
  A giant cockroach (D:3)
  8 goblins
  11 hobgoblins
  4 jackals (D:2)
  7 kobolds
  2 bats (D:3)
  5 frilled lizards
  7 rats
71 creatures vanquished.

Notes
Turn   | Place    | Note
-------+----------+-------------------------------------------
     0 | D:1      | ReteAZ the Octopode Fighter began the quest for the Orb.
     0 | D:1      | Reached XP level 1. HP: 16/16 MP: 1/1
   161 | D:1      | Reached XP level 2. HP: 16/21 MP: 2/2
   397 | D:1      | Reached XP level 3. HP: 23/26 MP: 3/3
   981 | D:2      | Reached XP level 4. HP: 19/31 MP: 4/4
  1261 | D:2      | Noticed Natasha
  1282 | D:2      | Killed Natasha
  1501 | D:2      | Noticed Natasha
  1507 | D:2      | Killed Natasha
  1507 | D:2      | Reached XP level 5. HP: 36/36 MP: 5/5
  1510 | D:2      | Noticed Natasha
  1515 | D:2      | Killed Natasha
  2792 | D:3      | Reached XP level 6. HP: 18/43 MP: 6/6
  2795 | D:3      | HP: 1/43 [orc/+0 morningstar (7)]
  2796 | D:3      | Slain by an orc

Levels and vault maps discovered:
D:1:      dpeg_arrival_castle, layout_basic, minmay_tetromino_t2
D:2:      layout_basic, uniq_natasha
D:3:      layout_basic, minmay_close_crescents

Skill      XL: |  1  2  3  4  5  6 |
---------------+-------------------+-----
Long Blades    | 3 4 |  4.3
Fighting       | 4 |  4.0
Dodging        | 4 |  4.0
Shields        | 4 |  4.0

Action                   |  1- 3 |  4- 6 || total
-------------------------+-------+-------++-------
Melee: Long sword        |    21 |       ||    21
       Constrict         |    17 |    30 ||    47
       Tentacles         |    11 |    21 ||    32
       Short sword       |    28 |    89 ||   117
  Use: Potion            |       |     1 ||     1
 Stab: Sleeping          |     1 |     1 ||     2
  Eat: Chunk             |       |     6 ||     6
Armor: Skin              |     2 |     5 ||     7
Dodge: Dodged            |    15 |    29 ||    44
Block: Kite shield       |    17 |    37 ||    54
       Rpst.: Long sword |     2 |       ||     2

Table legend:
 A = Non-vault XP
 B = Vault XP
 C = Vault XP percentage of total XP
 D = Non-vault monster count
 E = Vault monster count
 F = Vault count percentage of total count
                 A         B        C        D         E       F
            +---------+---------+-------+---------+---------+-------
      Total |     355 |      40 |  10.1 |      68 |       3 |   4.2
            +---------+---------+-------+---------+---------+-------
        D:1 |      52 |       4 |   7.1 |      20 |       2 |   9.1
        D:2 |     158 |      36 |  18.6 |      32 |       1 |   3.0
        D:3 |     145 |       0 |   0.0 |      16 |       0 |   0.0
            +---------+---------+-------+---------+---------+-------
